 Dungeon Crawl Stone Soup version 0.27-a0-931-g5a74e75d8f (webtiles) character file.

Game seed: 17984989959931005041

112335 jestyr24 the Slayer (level 16, 0/170 HPs)
             Began as a Minotaur Fighter on Apr 10, 2021.
             Was the Champion of Okawaru.
             Killed from afar by a starcursed mass (15 damage)
             ... with an accursed screaming
             ... while paralysed by accursed screaming
             ... on level 2 of the Abyss on Apr 11, 2021.
             The game lasted 02:39:22 (34751 turns).

jestyr24 the Slayer (Minotaur Fighter)             Turns: 34751, Time: 02:39:22

Health: 0/170      AC: 25    Str: 28    XL:     16   Next: 11%
Magic:  16/16      EV:  2    Int:  7    God:    Okawaru [******]
Gold:   2267       SH:  0    Dex:  8    Spells: 15/15 levels left

rFire    + . .     SeeInvis .   m - +9 falchion "Uxizeu" {holy, rN+}
rCold    + + +     Faith    +   E - +3 buckler {AC+3}
rNeg     + . .     Spirit   .   z - +3 chain mail of the Invisible Hand {Rampage rC+ Slay+2}
rPois    +         Reflect  .   (helmet restricted)
rElec    +         Harm     .   O - +2 cloak
rCorr    +         Rampage  +   (no gloves)
Will     +....                  B - +2 pair of boots {Stlth+}
Stlth    ..........             L - amulet of faith
HPRegen  0.00/turn              j - ring of protection from fire
MPRegen  0.15/turn              s - ring "Qerruw" {Ice Int+2 Slay+4}

@: paralysed, resistant, unable to read, non-regenerating, diseased
A: horns 2, retaliatory headbutt, clumsy 1, low mp 1, poison resistance,
inability to read while threatened
a: Renounce Religion, Heroism, Finesse


You were on level 2 of the Abyss.
You worshipped Okawaru.
Okawaru was exalted by your worship.
You visited 4 branches of the dungeon, and saw 24 of its levels.
You visited the Abyss 2 times.
You also visited: Ice Cave.

You collected 2267 gold pieces.

Inventory:

Hand Weapons
 c - a +3 hand crossbow
 m - the +9 falchion "Uxizeu" (weapon) {holy, rN+}
   (Okawaru gifted it to you on level 5 of the Lair of Beasts)

   It has been blessed by the Shining One to cause great damage to the undead
   and demons.
   It protects you from negative energy.
 n - a +0 vampiric long sword
 o - the +10 long sword of Ruujoet {flame, Will++ Str-3 Int+4 Stlth+}
   (You took it off a tengu warrior on level 13 of the Dungeon)

   It has been specially enchanted to burn those struck by it, causing extra
   injury to most foes and up to half again as much damage against particularly
   susceptible opponents.
   Big, fiery blades are also staple armaments of hydra-hunters.
   It affects your strength (-3).
   It affects your intelligence (+4).
   It greatly increases your willpower.
   It makes you more stealthy.
 M - the +7 shortbow "Wucigup" {flame, rC+ rN+ Int-4}
   (You found it in an ice cave)

   It causes projectiles fired from it to burn those they strike, causing extra
   injury to most foes and up to half again as much damage against particularly
   susceptible opponents.
   It affects your intelligence (-4).
   It protects you from cold.
   It protects you from negative energy.
 W - a +3 vorpal great sword
 Y - a +4 demon blade of electrocution
Missiles
 f - 5 curare-tipped darts
 q - 3 throwing nets
 v - 129 poisoned darts (quivered)
 H - 14 silver javelins
 J - 7 javelins
Armour
 g - a +2 kite shield
 i - a scarf of invisibility
 z - the +3 chain mail of the Invisible Hand (worn) {Rampage rC+ Slay+2}
   (You found it on level 2 of the Lair of Beasts)

   It affects your accuracy and damage with ranged weapons and melee attacks
   (+2).
   It protects you from cold.
   It bestows one free step when moving towards enemies.
 B - a +2 pair of boots of stealth (worn)
 E - a +3 buckler of protection (worn)
 O - a +2 cloak (worn)
Jewellery
 e - a ring of positive energy
 j - a ring of protection from fire (left hand)
 p - a ring of see invisible
 r - a ring of willpower
 s - the ring "Qerruw" (right hand) {Ice Int+2 Slay+4}
   (You found it on level 4 of the Dungeon)

   [ring of ice]

   It enhances your ice magic.
   It affects your intelligence (+2).
   It affects your accuracy and damage with ranged weapons and melee attacks
   (+4).
   It makes you vulnerable to fire.
   It protects you from cold.
 t - an amulet of the acrobat
 G - the macabre finger necklace {rN+}
   (You took it off a tengu warrior on level 13 of the Dungeon)

   [amulet of nothing]

   It enables you to equip an extra ring.
   It protects you from negative energy.
 L - an amulet of faith (around neck)
 Z - the ring of Ashenzari's Grace {rC+ Int+4 Dex+4 SInv}
   (You found it on level 10 of the Dungeon)

   [ring of see invisible]

   It affects your intelligence (+4).
   It affects your dexterity (+4).
   It protects you from cold.
   It lets you see invisible.
Wands
 l - a wand of flame (19)
 x - a wand of polymorph (14)
 K - a wand of iceblast (32)
 N - a wand of acid (5)
 Q - a wand of mindburst (31)
 R - a wand of charming (9)
 X - a wand of paralysis (11)
Scrolls
 a - a scroll of blinking
 b - 3 scrolls of fear
 h - 7 scrolls of teleportation
 k - 5 scrolls of magic mapping
 A - 8 scrolls of fog
 S - a scroll of silence
Potions
 d - 5 potions of might
 u - a potion of heal wounds
 w - a potion of resistance
 C - 2 potions of invisibility
 D - 2 potions of haste
 F - 9 potions of curing
 T - a potion of flight
Miscellaneous
 P - a condenser vane


   Skills:
 + Level 22.4 Fighting
 - Level 14.0 Long Blades
 - Level 8.0 Throwing
 - Level 11.3 Armour
 - Level 15.6 Dodging
 - Level 0.2 Stealth
 - Level 11.0 Shields
 - Level 1.1 Unarmed Combat
 - Level 5.0 Invocations
 - Level 2.1 Evocations


You had 15 spell levels left.
You didn't know any spells.
Your spell library contained the following spells:

 Spells                   Type           Power      Damage    Failure   Level
 Freeze                   Ice            0%         1d3       88%         1
 Magic Dart               Conj           0%         1d3       88%         1
 Ensorcelled Hibernation  Hex/Ice        0%         N/A       96%         2
 Searing Ray              Conj           0%         3d3       96%         2
 Dazzling Flash           Conj/Hex       0%         N/A       99%         3
 Frozen Ramparts          Ice            0%         1d2       99%         3
 Fulminant Prism          Conj/Hex       0%         3d6       100%        4
 Iskenderun's Mystic Bla  Conj/Tloc      0%         2d3       100%        4
 Irradiate                Conj/Tmut      0%         3d13      100%        5
 Metabolic Englaciation   Hex/Ice        0%         N/A       100%        5
 Blade Hands              Tmut           0%         N/A       100%        6
 Statue Form              Tmut/Erth      0%         N/A       100%        6
 Dragon Form              Tmut           0%         N/A       100%        7
 Ozocubu's Refrigeration  Ice            0%         4d5       100%        7


Dungeon Overview and Level Annotations

Branches:
Dungeon (15/15)            Temple (0/1) D:6            Lair (6/6) D:11
 Shoals (0/4) Lair:2        Snake (0/4) Lair:2        Slime (0/5) Lair:5
    Orc (2/2) D:9             Elf (0/3) Orc:2        Vaults (0/5) D:13
   Hell (visited)           IceCv (visited)
 Depths: D:15           Dis: Hell:1         Geh: Hell:1         Coc: Hell:1
    Tar: Hell:1

Altars:
Ashenzari
Fedhas
Hepliaklqana
Kikubaaqudgha
Makhleb
Okawaru
Sif Muna
Trog
Xom
The Shining One
Beogh
Jiyva

Shops:
D:4 ?   D:9 !   D:14 :   Orc:2 :(*[

Portals:
Hell: Lair:6

Annotations:
D:3 1 runed translucent door, srzhan31's ghost, amateur DjDe
D:4 exclusion: oklob plant
D:14 Agnes
Hell Geryon


Innate Abilities, Weirdness & Mutations

You have a pair of horns on your head.
You reflexively headbutt those who attack you in melee.
You are clumsy. (Dex -2)
Your magical capacity is low. (-10% MP)
Your system is resistant to poisons. (rPois)
You sometimes lose the ability to read scrolls when taking damage.


Message History

You block the thrashing horror's attack.
You block the raiju's attack.
You miss the raiju.
The raiju is heavily wounded.
The thrashing horror roars!
You hit the raiju. You headbutt the raiju!
You kill the raiju!
Okawaru accepts your kill.
The thrashing horror closely misses you.
The thrashing horror misses you. The cacodemon gestures next to you.
Some rock shatters into small pieces.
A raiju comes into view.
The thrashing horror tramples you.
You stumble backwards!
A smoke demon comes into view.
The raiju moves out of view.
The soul eater draws from the surrounding life force!
* * * LOW HITPOINT WARNING * * *
The smoke demon gestures at you. Something smites you!
You feel threatened and lose the ability to read scrolls!
* * * LOW HITPOINT WARNING * * *
A raiju comes into view.
The thrashing horror tramples you.
* * * LOW HITPOINT WARNING * * *
You hold your ground!
The thrashing horror barely misses you.
A starcursed mass splits.
The thrashing horror tramples you but does no damage. x2
You slash the raiju! You headbutt the raiju!
The raiju is severely wounded.
You block the thrashing horror's attack.
The thrashing horror completely misses you.
A cacophony of accursed wailing tears at your sanity!
* * * LOW HITPOINT WARNING * * *
You suddenly lose the ability to move!
The starcursed mass touches you but does no damage.
The thrashing horror tramples you but does no damage. x2
The raiju bites you but does no damage.
A cacophony of accursed wailing tears at your sanity!
You die...

.# #..... .. .. .
.4 # .. ###.## # #
.## .. #. .##.## #
#.. #.5.#... ..
#.#..
#.#......###. ...
... X. ...#G#
#h###.#.##..# X #.
#@XX2X.######.5 #.
##XX...XX5.#..X#.#
#3##3X#4....5..##
#.##.XXX.5...# #
#.##.#####4'##
#.##.# #≈ ..≈≈# .
..... #≈⌠ .⌠≈#.
#.##.# #≈.# ≈##
#.# #≈. .≈##.


You could see 10 starcursed masses, a cacodemon, a soul eater, an orange demon,
a thrashing horror, a smoke demon and a raiju.

Vanquished Creatures
  4 tentacled starspawn
  A revenant (Abyss:2)
  The ghost of srzhan31 the Eclecticist, a journeyman DjEE of Makhleb (Lair:4)
  An orc warlord (Orc:1)
  Nessos (D:13)
  A boulder beetle (D:11)
  6 centaur warriors
  Harold (D:8)
  A vault guard (D:13)
  9 hydras
  A hell beast (Lair:6)
  An ogre mage (D:13)
  A death knight (D:13)
  5 two-headed ogres
  2 tengu warriors
  5 orc high priests
  6 death yaks (Lair:5)
  2 thrashing horrors (Abyss:2)
  A wretched star (Abyss:3)
  A sixfirhy (Abyss:2)
  A spectral catoblepas (Lair:4)
  2 starcursed masses (Abyss:2)
  A wizard (Lair:6)
  A lindwurm (Lair:6)
  An orc knight (Orc:1)
  A necromancer (IceCv)
  2 deep elf pyromancers
  5 orc sorcerers
  A salamander (shapeshifter) (D:13)
  7 cyclopes
  3 oklob plants
  2 manticores
  Maurice (D:12)
  13 elephants
  5 black mambas
  4 ice statues (IceCv)
  2 orange demons (Lair:6)
  A stone giant skeleton (Abyss:3)
  A smoke demon (Abyss:2)
  Maggie (D:7)
  10 cane toads
  2 gargoyles (D:13)
  8 komodo dragons
  2 unseen horrors
  12 ice devils
  A hellwing (Lair:6)
  3 rime drakes (Lair:6)
  2 ancient zymes
  2 jumping spiders (shapeshifter)
  2 polar bears
  3 meliai (D:13)
  2 red devils (Lair:6)
  6 trolls
  2 hornets (D:7)
  12 slime creatures
  18 blink frogs
  12 dream sheep
  A frost giant simulacrum (Abyss:2)
  8 raiju (Abyss:2)
  A spectral black mamba (Lair:4)
  2 shadows
  Sigmund (D:4)
  A vampire (D:10)
  3 wraiths
  7 basilisks
  8 large abominations
  78 yaks
  2 death yak simulacra (Lair:4)
  2 golden eyes (Abyss:2)
  3 small abominations
  2 neqoxecs (Abyss:2)
  A spectral cane toad (Lair:4)
  7 wargs
  10 vampire mosquitoes
  3 nagas (Lair:2)
  2 acid dragons
  Duvessa (D:7)
  21 water moccasins
  3 sky beasts
  4 hell hounds (Lair:6)
  A hornet zombie (D:7)
  2 necrophages
  23 orc warriors
  A black mamba simulacrum (Lair:4)
  2 black bears (Lair:5)
  3 ice beasts
  11 ogres
  5 wolves
  2 centaurs
  A phantom (D:5)
  4 kobold brigands
  7 bullfrogs
  A cane toad simulacrum (Lair:4)
  A wyvern zombie (D:7)
  A gnoll sergeant (D:8)
  4 scorpions
  Dowan (D:7)
  A wyvern skeleton (D:6)
  A water moccasin skeleton (D:7)
  A dream sheep simulacrum (Lair:4)
  8 killer bees
  5 wights (D:9)
  4 howler monkeys
  3 centaur zombies
  An electric eel (D:7)
  A crimson imp (D:4)
  A draconian simulacrum (IceCv)
  9 orc priests
  2 hounds (D:7)
  11 jellies
  2 iguanas
  Ijyb (D:5)
  20 orc wizards
  2 spriggan simulacra (IceCv)
  3 troll simulacra (IceCv)
  2 centaur simulacra (IceCv)
  A hound zombie (D:5)
  A howler monkey zombie (D:7)
  4 gnolls (D:8)
  A naga simulacrum (IceCv)
  An adder (D:6)
  An ogre simulacrum (IceCv)
  4 white imps
  An ufetubus (D:5)
  An adder skeleton (D:4)
  2 dart slugs
  37 orcs
  3 bats
  18 endoplasms
  A giant cockroach (D:3)
  6 goblins
  9 hobgoblins
  8 jackals
  3 quokkas
  5 ball pythons
  2 frilled lizards
  15 kobolds
  3 rats
  A plant (Lair:2)
  2 starspawn tentacles
654 creatures vanquished.

Vanquished Creatures (others)
  2 centaur warriors (D:13)
  A meliai (D:13)
  3 golden eyes (Abyss:2)
  A black bear (shapeshifter) (D:13)
  A small abomination (Abyss:2)
  An orc (D:7)
  3 bushes
  43 fungi
  61 plants
  7 starspawn tentacles
123 creatures vanquished.

Grand Total: 777 creatures vanquished

Notes
Turn   | Place    | Note
-------+----------+-------------------------------------------
     0 | D:1      | jestyr24 the Minotaur Fighter began the quest for the Orb.
     0 | D:1      | Reached XP level 1. HP: 19/19 MP: 0/0
   148 | D:1      | Reached XP level 2. HP: 25/27 MP: 1/1
   866 | D:1      | Found a faded altar of an unknown god.
  1549 | D:2      | Reached XP level 3. HP: 32/33 MP: 2/2
  1957 | D:3      | Found a runed translucent door.
  2327 | D:3      | Reached skill level 4 in Fighting
  2916 | D:3      | Noticed srzhan31's ghost (amateur DjDe)
  3037 | D:4      | Found Duim's Magic Scroll Boutique.
  3351 | D:4      | Found a hazy altar of Hepliaklqana.
  3438 | D:4      | Reached XP level 4. HP: 40/40 MP: 3/3
  3476 | D:4      | Found an iron altar of Okawaru.
  3479 | D:4      | Became a worshipper of Warmaster Okawaru
  3534 | D:4      | Identified the ring "Qerruw" {Ice Int+2 Slay+4}
  3700 | D:4      | Found a blossoming altar of Fedhas.
  3715 | D:4      | Noticed an oklob plant
  3801 | D:4      | Found a shimmering blue altar of Sif Muna.
  3897 | D:4      | Noticed Sigmund
  3911 | D:4      | Killed Sigmund
  3912 | D:4      | Reached skill level 5 in Armour
  3912 | D:4      | Reached skill level 1 in Dodging
  3912 | D:4      | Reached XP level 5. HP: 25/47 MP: 4/4
  4090 | D:4      | Found a glowing golden altar of the Shining One.
  4214 | D:4      | Reached * piety under Okawaru
  4215 | D:4      | Reached XP level 6. HP: 53/53 MP: 5/5
  4486 | D:5      | Entered Level 5 of the Dungeon
  4584 | D:5      | Noticed Ijyb
  4594 | D:5      | Killed Ijyb
  4718 | D:5      | Noticed a water moccasin
  4725 | D:5      | Killed a water moccasin
  4726 | D:5      | Reached skill level 5 in Shields
  4747 | D:5      | Noticed a sky beast
  4756 | D:5      | Killed a sky beast
  4757 | D:5      | Reached skill level 5 in Long Blades
  4757 | D:5      | Reached XP level 7. HP: 54/60 MP: 6/6
  4759 | D:5      | Reached ** piety under Okawaru
  4766 | D:5      | Reached skill level 5 in Fighting
  4770 | D:5      | Reached skill level 1 in Unarmed Combat
  5128 | D:5      | Identified the +4 trident "Iptacoock" {freeze, Int+4 SInv}
  5430 | D:6      | Found a staircase to the Ecumenical Temple.
  5675 | D:6      | Noticed an oklob plant
  5682 | D:6      | Reached XP level 8. HP: 61/68 MP: 7/7
  5704 | D:6      | Reached skill level 1 in Throwing
  5882 | D:6      | Reached *** piety under Okawaru
  6139 | D:6      | Found a broken altar of Ashenzari.
  6925 | D:7      | Noticed Dowan
  6929 | D:7      | Noticed Duvessa
  6956 | D:7      | Killed Duvessa
  7104 | D:7      | Noticed a hornet
  7109 | D:7      | Reached XP level 9. HP: 49/74 MP: 8/8
  7114 | D:7      | Reached **** piety under Okawaru
  7336 | D:7      | Killed an unseen horror
  7337 | D:7      | Reached skill level 6 in Fighting
  7474 | D:7      | Reached skill level 10 in Armour
  7496 | D:7      | Reached skill level 10 in Shields
  7506 | D:7      | Reached ***** piety under Okawaru
  7785 | D:7      | Received a gift from Okawaru
  7943 | D:7      | Reached XP level 10. HP: 84/84 MP: 9/9
  8310 | D:7      | Paralysed by a hornet for 3 turns
  8314 | D:7      | Received a gift from Okawaru
  8315 | D:7      | Reached skill level 5 in Dodging
  8771 | D:7      | Killed Dowan
  8945 | D:7      | Noticed Maggie
  8956 | D:7      | Killed Maggie
  9437 | D:8      | You fall into a shaft and drop 2 floors!
  9437 | D:10     | Entered Level 10 of the Dungeon
  9692 | D:9      | Reached skill level 7 in Fighting
  9898 | D:9      | Reached skill level 8 in Fighting
  9898 | D:9      | Reached skill level 5 in Throwing
 10056 | D:9      | Found Icaps's Distillery.
 10174 | D:9      | Identified the Guide on Snow
 10365 | D:9      | Found a staircase to the Orcish Mines.
 10381 | D:9      | Reached skill level 9 in Fighting
 10763 | D:9      | Noticed a centaur warrior
 10773 | D:9      | Killed a centaur warrior
 10774 | D:9      | Reached skill level 10 in Fighting
 10774 | D:9      | Reached XP level 11. HP: 84/99 MP: 10/10
 10789 | D:9      | Noticed a two-headed ogre
 10797 | D:9      | Killed a two-headed ogre
 10806 | D:9      | Reached skill level 11 in Fighting
 11232 | D:10     | Noticed a two-headed ogre
 11240 | D:10     | Killed a two-headed ogre
 11478 | D:10     | Reached skill level 12 in Fighting
 11486 | D:10     | Received a gift from Okawaru
 11539 | D:10     | Identified the ring of Ashenzari's Grace {rC+ Int+4 Dex+4
                  | SInv}
 11907 | D:11     | Noticed a two-headed ogre
 11931 | D:11     | Killed a two-headed ogre
 12413 | D:11     | Reached skill level 13 in Fighting
 12632 | D:10     | HP: 5/107 [yak (6)]
 13307 | D:11     | Received a gift from Okawaru
 13472 | D:11     | Found a staircase to the Lair.
 13476 | D:11     | Noticed a boulder beetle
 13512 | D:11     | Killed a boulder beetle
 13513 | D:11     | Reached XP level 12. HP: 59/116 MP: 11/11
 14104 | D:12     | Reached skill level 14 in Fighting
 14249 | D:12     | You fall into a shaft and drop 2 floors!
 14456 | D:13     | Killed a centaur warrior
 14650 | D:13     | Killed a centaur warrior
 14849 | D:13     | Noticed a centaur warrior
 14853 | D:13     | Killed a centaur warrior
 14893 | D:13     | Noticed an eight-headed hydra
 15068 | D:12     | Noticed Maurice
 15115 | D:12     | Killed Maurice
 15696 | D:12     | Reached skill level 1 in Invocations
 15739 | Lair:1   | Entered Level 1 of the Lair of Beasts
 15753 | Lair:1   | Reached ****** piety under Okawaru
 16251 | Lair:1   | Found a frozen archway.
 16261 | Lair:1   | Received a gift from Okawaru
 16278 | IceCv    | Entered an ice cave
 16312 | IceCv    | Reached skill level 10 in Long Blades
 16653 | IceCv    | Identified the +3 quarterstaff "Roelupt" {distort, *Rage
                  | rElec rPois Str+7}
 16659 | IceCv    | Identified the +1 scale mail of Makhleb's Envy {Will+ Int-3
                  | Dex+4 Slay+2}
 16662 | IceCv    | Identified the +7 shortbow "Wucigup" {flame, rC+ rN+ Int-4}
 16681 | IceCv    | Gained mutation: You are clumsy. (Dex -2) [potion of
                  | mutation]
 16681 | IceCv    | Gained mutation: Your system is resistant to poisons.
                  | (rPois) [potion of mutation]
 18025 | Lair:2   | Found a staircase to the Snake Pit.
 18089 | Lair:2   | Found a staircase to the Shoals.
 18147 | Lair:2   | Reached XP level 13. HP: 92/125 MP: 14/14
 18370 | Lair:2   | Identified the +1 leather armour of the Eternal Void {rElec
                  | rF+ rCorr Int+3}
 18700 | Lair:2   | Received a gift from Okawaru
 18819 | Lair:2   | Identified the +3 chain mail of the Invisible Hand {Rampage
                  | rC+ Slay+2}
 19877 | Lair:3   | Identified a scroll of acquirement
 19877 | Lair:3   | Acquired a manual of Dodging
 19916 | Lair:4   | Found a runed translucent gate.
 19916 | Lair:4   | Found a runed translucent gate.
 19916 | Lair:4   | Found a runed translucent gate.
 19933 | Lair:4   | Received a gift from Okawaru
 20452 | Lair:4   | Found a bloodstained altar of Trog.
 21137 | Lair:4   | Noticed srzhan31's ghost (journeyman DjEE)
 21259 | Lair:4   | Killed srzhan31's ghost
 21660 | Lair:5   | Received a gift from Okawaru
 21761 | Lair:5   | Found a staircase to the Slime Pits.
 21762 | Lair:5   | Found a viscous altar of Jiyva.
 21795 | Lair:5   | Identified the +0 buckler "Pashrin" {rC+}
 21876 | Lair:5   | Reached skill level 15 in Fighting
 22107 | Lair:5   | Received a gift from Okawaru
 22113 | Lair:5   | Reached skill level 16 in Fighting
 22449 | Lair:5   | Reached XP level 14. HP: 112/138 MP: 16/16
 22473 | Lair:5   | Reached skill level 17 in Fighting
 22827 | Lair:5   | Reached skill level 10 in Dodging
 22968 | Lair:5   | Identified the +9 falchion "Uxizeu" {holy, rN+} (Okawaru
                  | gifted it to you on level 5 of the Lair of Beasts)
 22968 | Lair:5   | Received a gift from Okawaru
 23153 | Lair:6   | Entered Level 6 of the Lair of Beasts
 23575 | Lair:6   | Reached skill level 18 in Fighting
 23859 | Lair:6   | Identified the +2 chain mail of Shielding {rF- Will+ Int+4}
                  | (Okawaru gifted it to you on level 6 of the Lair of Beasts)
 23859 | Lair:6   | Received a gift from Okawaru
 24030 | Lair:6   | Reached skill level 19 in Fighting
 25249 | Lair:6   | Found a burning altar of Makhleb.
 25267 | Lair:6   | Reached skill level 20 in Fighting
 25296 | Lair:6   | Found a gateway to Hell.
 25306 | Hell     | Entered the Vestibule of Hell
 25306 | Hell     | Noticed Geryon
 25480 | Lair:6   | Received a gift from Okawaru
 26132 | Orc:1    | Entered Level 1 of the Orcish Mines
 26633 | Orc:2    | Entered Level 2 of the Orcish Mines
 26634 | Orc:2    | Found a staircase to the Elven Halls.
 26641 | Orc:2    | Noticed an orc warlord
 26689 | Orc:1    | Killed an orc warlord
 26695 | Orc:1    | HP: 5/149 [orc warrior/+0 war axe of electrocution (10)]
 27271 | Orc:2    | Reached XP level 15. HP: 102/156 MP: 17/17
 27277 | Orc:1    | Received a gift from Okawaru
 28028 | Orc:2    | Found Hoaveof's Antique Armour Shop.
 28234 | Orc:2    | Found Lidouk's General Store.
 28260 | Orc:2    | Reached skill level 21 in Fighting
 28262 | Orc:2    | Found Coliron's Book Boutique.
 28288 | Orc:2    | Found Wunwig's Antique Weapon Emporium.
 29039 | D:4      | Found an ancient bone altar of Kikubaaqudgha.
 29826 | D:8      | Noticed Harold
 29837 | D:8      | Killed Harold
 30689 | D:13     | Reached skill level 1 in Evocations
 30866 | D:13     | Noticed Nessos
 30896 | D:13     | HP: 5/158 [Nessos/arrow (3)]
 31035 | D:13     | Identified the +10 long sword of Ruujoet {flame, Will++
                  | Str-3 Int+4 Stlth+}
 31394 | D:13     | Killed Nessos
 31922 | D:13     | Found a shimmering altar of Xom.
 32153 | D:13     | Received a gift from Okawaru
 32316 | D:13     | Found a gate to the Vaults.
 32579 | D:14     | Found Xetefeir's Book Boutique.
 32592 | D:14     | Reached skill level 5 in Invocations
 33152 | D:15     | Entered Level 15 of the Dungeon
 33152 | D:15     | Noticed Agnes
 33155 | D:14     | Cast into level 2 of the Abyss (Agnes)
 33320 | Abyss:2  | Received a gift from Okawaru
 33328 | Abyss:2  | Noticed a tentacled starspawn
 33348 | Abyss:2  | Killed a tentacled starspawn
 33349 | Abyss:2  | Reached skill level 15 in Dodging
 33405 | Abyss:3  | Found a bloodstained altar of Trog.
 33410 | Abyss:3  | Noticed a tentacled starspawn
 33424 | Abyss:3  | Killed a tentacled starspawn
 33501 | Abyss:3  | Noticed a tentacled starspawn
 33513 | Abyss:3  | Killed a tentacled starspawn
 33859 | Abyss:3  | Found a bloodstained altar of Trog.
 33878 | Abyss:3  | Noticed a tentacled starspawn
 33884 | Abyss:3  | Killed a tentacled starspawn
 33890 | Abyss:3  | Noticed a bone dragon
 33900 | D:14     | Escaped the Abyss
 33910 | D:14     | HP: 2/160 [Agnes/+2 lajatang of distortion (10)]
 33923 | D:15     | Reached skill level 22 in Fighting
 34000 | D:15     | Reached XP level 16. HP: 36/169 MP: 18/18
 34354 | D:14     | Cast into level 2 of the Abyss (Agnes)
 34600 | Abyss:2  | Received a gift from Okawaru
 34638 | Abyss:2  | Gained mutation: Your magical capacity is low. (-10% MP) [a
                  | neqoxec]
 34640 | Abyss:2  | Gained mutation: You sometimes lose the ability to read
                  | scrolls when taking damage. [a neqoxec]
 34735 | Abyss:2  | Paralysed by accursed screaming for 1 turns
 34750 | Abyss:2  | Paralysed by accursed screaming for 2 turns
 34751 | Abyss:2  | Killed from afar by a starcursed mass

Illustrated notes

Levels and vault maps discovered:
D:1:      heliophobic_arrival_henge, layout_basic,
          ebering_ecumenical_altar_abandoned
D:2:      layout_loops_ring
D:3:      layout_loops_ring, serial_co_window_serial, co_window_corner_a,
          co_window_of_opportunity_a, co_window_of_opportunity_a,
          co_window_corner_a, co_window_corner_a, co_window_paths_a,
          co_window_paths_a, co_window_2corner, co_window_paths_c,
          co_window_2corner, co_window_corner_b, co_window_2corner,
          co_window_4corner_b, glass_columns_a, ebering_ghost_reflecting_pool,
          minmay_goblin_kobold_house
D:4:      layout_loops_corners, lemuel_doored_altar, tgw_fedhas,
          lemuel_coloured_pillars_altar, general_overflow_altar,
          nicolae_overflow_hidden_temple, old_standard_altar, serial_shops,
          shop_scrolls, hangedman_abyss_or_decor_stabs,
          small_statue_intersection, minmay_fire_ice_demons, uniq_sigmund
D:5:      layout_loops_cross, uniq_ijyb
D:6:      lemuel_slime, layout_layer_cave, kennysheep_little_box,
          minmay_temple_entry_sparse_star, minmay_misc_feat_alley
D:7:      nzn_winding_woodlands_medium [nzn_winding_woodlands_5x5_open_star,
          nzn_winding_woodlands_5x15_cabin,
          nzn_winding_woodlands_5x5_closed_star,
          nzn_winding_woodlands_5x5_perimeter,
          nzn_winding_woodlands_center_lodge, nzn_winding_woodlands_hourglass,
          nzn_winding_woodlands_5x5_cross, nzn_winding_woodlands_5x15_sawtooth,
          nzn_winding_woodlands_5x5_checkerboard], layout_cave_pools,
          chequers_big_river, uniq_duvessa, uniq_maggie
D:8:      layout_loops_corners, kennysheep_generic_room_15, uniq_harold
D:9:      layout_roguey, minmay_orc_entry_temple_small, serial_shops,
          nicolae_shop_statue_plus, serial_park_tiny_1, evilmike_minifort
D:10:     layout_rooms, hangedman_decor_opposing, dk_noncrumbling_4,
          eino_small_chamber_without_monster, grunt_decor_resistance
D:11:     layout_small_grid, minmay_lair_entry_grove
D:12:     layout_long_grid, uniq_maurice
D:13:     layout_irregular_city, david_vaults_5, xom_confusion_cloud,
          uniq_nessos
D:14:     layout_irregular_city, serial_bayou_pond_e, serial_shops, shop_statue,
          minmay_misc_feat_four_crosses
D:15:     grunt_enter_depths_hoard, layout_basic,
          hangedman_abyss_or_decor_passed, einodemon_crawler_minivault,
          uniq_agnes
Lair:1:   layout_layer_cave, portal_ice_cave_demonic_guard
Lair:2:   layout_cave_pods, elwin_shoals_entry_rocks,
          minmay_snake_entry_guardpost_small, minmay_lair_oklob_chamber
Lair:3:   layout_cave_pods, grunt_forest_small_clearing_treed
Lair:4:   layout_regular_city, gammafunk_ghost_necromancy, lemuel_oklob_altar
Lair:5:   layout_gridlike, slime_altar_1
Lair:6:   evil_forest, layout_layer_cave, lightli_volcano_entry_magma_tube
Orc:1:    layout_diamond_mine
Orc:2:    grunt_orc_gardens, layout_caves, grunt_orc_garden, grunt_orc_garden,
          grunt_orc_garden, grunt_orc_garden
Hell
Abyss:2:  base: D:14, base:
D:8

Skill      XL: |  1  2  3  4  5  6  7  8  9 10 11 12 13 14 15 |
---------------+----------------------------------------------+-----
Shields        | 4 5 6 8 10 11 | 11.0
Armour         | 4 5 6 7 8 10 11 | 11.3
Long Blades    | 3 4 5 11 14 | 14.0
Fighting       | 4 5 6 10 13 14 16 20 22 | 22.4
Dodging        | 1 2 3 4 5 9 12 15 | 15.6
Unarmed Combat | 1 |  1.1
Throwing       | 2 3 6 7 8 |  8.0
Invocations    | 3 4 5 |  5.0
Evocations     | 2 |  2.1
Stealth        | |  0.2

Action                   |  1- 3 |  4- 6 |  7- 9 | 10-12 | 13-15 | 16-18 || total
-------------------------+-------+-------+-------+-------+-------+-------++-------
Melee: Long sword        |   100 |    52 |   161 |   279 |   148 |       ||   740
       Headbutt          |    19 |    16 |    44 |   187 |   268 |    14 ||   548
       Club              |       |    17 |    43 |   172 |    54 |       ||   286
       Unarmed           |       |     4 |       |       |       |       ||     4
       Demon blade       |       |       |       |   101 |   299 |       ||   400
       Falchion          |       |       |       |       |   511 |    55 ||   566
Throw: Dart              |       |       |     3 |    23 |    33 |       ||    59
       Throwing net      |       |       |     1 |       |       |       ||     1
       Javelin           |       |       |       |     4 |       |       ||     4
Invok: Heroism           |       |       |       |     2 |     1 |       ||     3
Evoke: Wand              |       |       |       |       |       |     1 ||     1
  Use: Scroll            |     2 |       |     8 |    11 |     8 |       ||    29
       Potion            |       |       |       |     4 |    12 |     2 ||    18
Armor: Scale mail        |    47 |       |       |     8 |     1 |       ||    56
       Plate armour      |     1 |    22 |   109 |   226 |       |       ||   358
       Skin              |       |     1 |       |       |     1 |       ||     2
       Chain mail        |       |       |       |       |   419 |    37 ||   456
Dodge: Dodged            |    40 |    20 |   110 |   220 |   392 |    25 ||   807
Block: Kite shield       |    56 |    28 |   122 |   366 |   332 |       ||   904
       Buckler           |       |       |       |       |   126 |    14 ||   140
       Rpst.: Long sword |    10 |     3 |    22 |    29 |     6 |       ||    70
       Demon blade       |       |       |       |     3 |    15 |       ||    18
       Falchion          |       |       |       |       |    37 |     1 ||    38

Table legend: (Time is in decaauts)
 A = Elapsed time spent in this place.
 B = Non-inter-level travel time spent in this place.
 C = Inter-level travel time spent in this place.
 D = Time resting spent in this place.
 E = Time spent auto-exploring this place.
 F = Levels seen in this place.
 G = Mean time per level.
                   A        B        C        D        E       F      G
               +--------+--------+--------+--------+--------+-----+--------+
         Total |  34704 |  33602 |   1102 |  10121 |  16244 |  28 | 1239.4 |
       Dungeon |  20789 |  20168 |    621 |   6234 |   9844 |  15 | 1385.9 |
          Lair |   9322 |   8969 |    353 |   1473 |   5678 |   6 | 1553.7 |
  Orcish Mines |   2680 |   2553 |    127 |   1374 |    714 |   2 | 1340.0 |
          Hell |      2 |      2 |      0 |      0 |      0 |   1 |    2.0 |
         Abyss |   1081 |   1081 |      0 |    665 |      7 |   3 |  360.3 |
      Ice Cave |    827 |    827 |      0 |    374 |      0 |   1 |  827.0 |
               +--------+--------+--------+--------+--------+-----+--------+

Top non-repeatable levels by time:
    D:13: 2767 daAuts
     D:7: 2502 daAuts
  Lair:6: 2384 daAuts
   Orc:1: 2043 daAuts
     D:9: 1975 daAuts
  Lair:5: 1831 daAuts
  Lair:4: 1704 daAuts
    D:11: 1631 daAuts
     D:6: 1572 daAuts
     D:4: 1512 daAuts
    D:10: 1512 daAuts
     D:3: 1418 daAuts
  Lair:1: 1336 daAuts
  Lair:2: 1210 daAuts
    D:12: 1018 daAuts
